 Dungeon Crawl Stone Soup version 0.27.0-1-g7a089689b8 (webtiles) character file.

Game seed: 16307256300300057020

39 PentaManta the Ruffian (level 3, 0/31 HPs)
             Began as a Ghoul Abyssal Knight on Aug 16, 2021.
             Was a Follower of Lugonu.
             Slain by Grinder (3 damage)
             ... while paralysed by Grinder
             ... on level 3 of the Dungeon.
             The game lasted 00:02:36 (2037 turns).

PentaManta the Ruffian (Ghoul Abyssal Knight)       Turns: 2037, Time: 00:02:36

Health: 0/31       AC:  8    Str: 16    XL:     3   Next: 47%
Magic:  3/3        EV:  2    Int:  7    God:    Lugonu [*.....]
Gold:   118        SH:  0    Dex:  8    Spells: 2/2 levels left

rFire    . . .     SeeInvis .     - Unarmed
rCold    + . .     Faith    .   (no shield)
rNeg     + + +     Spirit   .   l - +0 chain mail
rPois    ∞         Reflect  .   (no helmet)
rElec    .         Harm     .   (no cloak)
rCorr    .         Rampage  .   (no gloves)
Will     .....                  (no boots)
Stlth    ..........             (no amulet)
HPRegen  0.00/turn              (no ring)
MPRegen  0.08/turn              (no ring)

@: paralysed, inhibited regen
A: claws 1, cold resistance 1, negative energy resistance 3, inhibited
regeneration, torment resistance 2
a: Renounce Religion, Depart the Abyss


You were on level 3 of the Dungeon.
You worshipped Lugonu.
Lugonu was aware of your devotion.
You visited 1 branch of the dungeon, and saw 3 of its levels.
You visited the Abyss 1 time.

You collected 118 gold pieces.

Inventory:

Missiles
 o - 5 boomerangs (quivered)
Armour
 a - a +0 leather armour
 l - a +0 chain mail (worn)
 m - a +0 buckler
Jewellery
 r - a ring of ice
Scrolls
 d - a scroll of fog {unknown}
 e - a scroll of enchant weapon {unknown}
 g - 2 scrolls of identify {unknown}
 h - a scroll of magic mapping {unknown}
 j - a scroll of vulnerability {unknown}
 n - a scroll of noise {unknown}
 p - a scroll of acquirement {unknown}
 q - a scroll of blinking {unknown}
Potions
 b - a potion of might {unknown}
 c - 2 potions of lignification {unknown}
 f - 3 potions of magic {unknown}
 i - a potion of curing {unknown}
 k - a potion of cancellation {unknown}


   Skills:
 - Level 3.2 Fighting
 - Level 1.7 Armour
 - Level 0.8 Dodging
 + Level 0.7 Shields
 + Level 3.9 Unarmed Combat
 - Level 2.0 Invocations


You had 2 spell levels left.
You didn't know any spells.
Your spell library was empty.

Dungeon Overview and Level Annotations

Branches:
Dungeon (3/15)

Altars:

Annotations:
D:3 Grinder


Innate Abilities, Weirdness & Mutations

You thrive by killing the living.
You are immune to poison.
You have sharp fingernails.
Your flesh is cold resistant. (rC+)
You are immune to negative energy. (rN+++)
You do not regenerate when monsters are visible.
You are immune to unholy pain and torment.


Message History

You kill the kobold!
Lugonu accepts your kill.
You feel better. Grinder gestures at you.
You suddenly lose the ability to move!
Grinder hits you but does no damage.
You can move again.
Unknown command.
Unknown command.
Unknown command.
You barely miss Grinder.
Grinder is heavily wounded.
You scratch Grinder but do no damage.
Grinder is heavily wounded.
Grinder hits you!
* * * LOW HITPOINT WARNING * * *
You scratch Grinder.
Grinder is severely wounded.
Grinder hits you but does no damage.
You claw Grinder!
Grinder is almost dead.
Grinder hits you but does no damage.
You scratch Grinder but do no damage.
Grinder is almost dead.
Grinder gestures at you. You resist with significant effort.
You scratch Grinder but do no damage.
Grinder is almost dead.
Grinder gestures at you. You resist with significant effort.
You barely miss Grinder.
Grinder is almost dead.
Grinder barely misses you.
You closely miss Grinder.
Grinder is almost dead.
Grinder gestures at you.
You suddenly lose the ability to move!
Grinder blinks! x2
Grinder hits you.
You die...

.. #.. #. .# #.# #.
.## #.# .## #.. #.#
..# ..# #.# #.#
#..# #.# #.#
...#.##
#.####.#####.....[.
#<........5@)#
##.#####.....##
#..# ####..# ####
#.§# ##.# ... ...#
...#


You could see Grinder.

Vanquished Creatures
  3 dart slugs
  2 bats (D:1)
  2 endoplasms
  A giant cockroach (D:1)
  5 goblins
  3 hobgoblins
  2 jackals (D:2)
  3 quokkas
  2 ball pythons
  2 frilled lizards
  2 kobolds
  2 rats (D:1)
29 creatures vanquished.

Notes
Turn   | Place    | Note
-------+----------+-------------------------------------------
     0 | Abyss:1  | PentaManta the Ghoul Abyssal Knight began the quest for the
                  | Orb.
     0 | Abyss:1  | Reached XP level 1. HP: 19/19 MP: 1/1
    40 | Abyss:1  | Noticed a flying skull
    43 | Abyss:1  | Found a corrupted altar of Lugonu.
    44 | D:1      | Escaped the Abyss
   279 | D:1      | Found a faded altar of an unknown god.
   444 | D:1      | Reached XP level 2. HP: 26/26 MP: 2/2
   664 | D:1      | Reached * piety under Lugonu
  1294 | D:2      | Reached XP level 3. HP: 26/31 MP: 3/3
  1989 | D:3      | Noticed Grinder
  1991 | D:3      | Paralysed by Grinder for 7 turns
  2003 | D:3      | Paralysed by Grinder for 3 turns
  2020 | D:3      | Paralysed by Grinder for 4 turns
  2032 | D:3      | Paralysed by Grinder for 6 turns
  2037 | D:3      | Slain by Grinder

Illustrated notes

Levels and vault maps discovered:
D:1:      lightli_arrival_windingriver, layout_basic,
          hellmonk_ecumenical_altar_lost_god
D:2:      layout_basic
D:3:      layout_rooms, uniq_grinder

Skill      XL: |  1  2 |
---------------+-------+-----
Unarmed Combat | 3 |  3.9
Fighting       | |  3.2
Armour         | |  1.7
Dodging        | |  0.8
Shields        | |  0.7
Invocations    | |  2.0

Action                   || total
-------------------------++-------
Melee: Unarmed           ||   114
       Punch             ||     2
Invok: Depart the Abyss  ||     1
Armor: Leather armour    ||    10
       Chain mail        ||    38
Dodge: Dodged            ||    62
